BSA
CHICAGO MACHINE @ NIAGARA FALLS FRENZY
08/22/2027
 
TOP OF THE 1ST
Chicago Machine batting - Pitching for Niagara Falls Frenzy : LHP Manuel Rodríguez
Pitching: LHP Manuel Rodríguez
Batting: LHB Fernando Ortíz 0-0: Called Strike
0-1: Swinging Strike
0-2: Strikes out swinging
Batting: SHB Joaquín López 0-0: SINGLE (Groundball, 4MD)
Batting: RHB Doug Stephens 0-0: Foul Ball, location: 2F
0-1: SINGLE (Groundball, 6MD)
Joaquín López to second
Runner from 2nd tries for 3rd, SAFE, throw made to third
Batting: SHB José Alomar 0-0: Foul Ball, location: 2F
0-1: Ball
1-1: Ball
2-1: Grounds into double play, 6-4-3 (Groundball, 6)
Top of the 1st over - 0 run(s), 2 hit(s), 0 error(s), 1 left on base; Chicago 0 - Niagara Falls 0
BOTTOM OF THE 1ST
Niagara Falls Frenzy batting - Pitching for Chicago Machine : RHP Geoffrey Keller
Pitching: RHP Geoffrey Keller
Batting: RHB Tomás Estrada 0-0: Ball
1-0: Called Strike
1-1: Ball
2-1: Ground out 5-3 (Groundball, 56)
Batting: RHB Zander Tremblett 0-0: Swinging Strike
0-1: Swinging Strike
0-2: DOUBLE (Flyball, 89XD)
Batting: LHB Clyde Yarbrough 0-0: Swinging Strike
0-1: Swinging Strike
0-2: Foul Ball, location: 2F
0-2: Ball
1-2: 2-RUN HOME RUN (Line Drive, 9LD), Distance : 399 ft
Batting: LHB Dante Owens 0-0: Foul Ball, location: 2F
0-1: Swinging Strike
0-2: Fly out, F4 (Line Drive, 4)
Batting: SHB Martín De Jesús 0-0: Foul Ball, location: 2F
0-1: Ball
1-1: Ball
2-1: Foul Ball, location: 2F
2-2: Ground out 6-3 (Groundball, 6)
Bottom of the 1st over - 2 run(s), 2 hit(s), 0 error(s), 0 left on base; Chicago 0 - Niagara Falls 2
TOP OF THE 2ND
Chicago Machine batting - Pitching for Niagara Falls Frenzy : LHP Manuel Rodríguez
Batting: RHB Matt Doyle 0-0: Ground out 4-3 (Groundball, 4)
Batting: LHB Kiyonaga Morita 0-0: Called Strike
0-1: Called Strike
0-2: Ball
1-2: Strikes out looking
Batting: RHB Luis Martínez 0-0: Called Strike
0-1: Ball
1-1: Foul Ball, location: 2F
1-2: Strikes out looking
Top of the 2nd over - 0 run(s), 0 hit(s), 0 error(s), 0 left on base; Chicago 0 - Niagara Falls 2
BOTTOM OF THE 2ND
Niagara Falls Frenzy batting - Pitching for Chicago Machine : RHP Geoffrey Keller
Batting: LHB Leo Wyeth 0-0: Ball
1-0: Ball
2-0: Foul Ball, location: 2F
2-1: SINGLE (Groundball, 34D)
Batting: RHB Ángel Hinojosa 0-0: Ball
1-0: Ball
2-0: Called Strike
2-1: Fly out, F7 (Flyball, 7S)
Batting: LHB Bill Hall 0-0: Called Strike
0-1: Called Strike
0-2: SINGLE (Line Drive, 3D)
Leo Wyeth to second
Batting: SHB Dave MacThomas 0-0: Ball
1-0: Fly out, F9 (Flyball, 9)
Batting: RHB Tomás Estrada 0-0: Called Strike
0-1: Ball
1-1: Fielders Choice at 2nd, 6-4 (Groundball, 6)
Bottom of the 2nd over - 0 run(s), 2 hit(s), 0 error(s), 1 left on base; Chicago 0 - Niagara Falls 2
TOP OF THE 3RD
Chicago Machine batting - Pitching for Niagara Falls Frenzy : LHP Manuel Rodríguez
Batting: RHB Lorenzo Guzmán 0-0: Ball
1-0: Ball
2-0: Foul Ball, location: 2F
2-1: Foul Ball, location: 2F
2-2: Ball
3-2: SINGLE (Groundball, 34) (infield hit)
Batting: SHB Jesús Ramírez 0-0: Called Strike
Lorenzo Guzmán steals 2nd base
0-1: Foul Ball, location: 2F
0-2: Ball
1-2: Ball
2-2: Foul Ball, location: 2F
2-2: Strikes out swinging
Batting: LHB Fernando Ortíz 0-0: Called Strike
0-1: Ball
1-1: Swinging Strike
1-2: Strikes out looking
Batting: SHB Joaquín López 0-0: Called Strike
0-1: Foul Ball, location: 2F
0-2: Strikes out looking
Top of the 3rd over - 0 run(s), 1 hit(s), 0 error(s), 1 left on base; Chicago 0 - Niagara Falls 2
BOTTOM OF THE 3RD
Niagara Falls Frenzy batting - Pitching for Chicago Machine : RHP Geoffrey Keller
Batting: RHB Zander Tremblett 0-0: Foul Ball, location: 2F
0-1: Ball
1-1: Ball
2-1: Foul Ball, location: 2F
2-2: Ground out U3 (Groundball, 3)
Batting: LHB Clyde Yarbrough 0-0: Ball
1-0: Ball
2-0: Foul Ball, location: 2F
2-1: Foul Ball, location: 2F
2-2: Foul Ball, location: 2F
2-2: Ball
3-2: Base on Balls
Batting: LHB Dante Owens 0-0: Ball
1-0: Ball
2-0: Ball
3-0: Base on Balls
Clyde Yarbrough to second
Batting: SHB Martín De Jesús 0-0: Called Strike
0-1: Ball
1-1: Ball
2-1: Foul Ball, location: 2F
2-2: Foul Ball, location: 2F
2-2: Strikes out swinging
Batting: LHB Leo Wyeth 0-0: Ball
1-0: Called Strike
1-1: Called Strike
1-2: Ball
2-2: Fly out, F4 (Line Drive, 4)
Bottom of the 3rd over - 0 run(s), 0 hit(s), 0 error(s), 2 left on base; Chicago 0 - Niagara Falls 2
TOP OF THE 4TH
Chicago Machine batting - Pitching for Niagara Falls Frenzy : LHP Manuel Rodríguez
Batting: RHB Doug Stephens 0-0: Ball
1-0: Swinging Strike
1-1: Ball
2-1: Fly out, F5 (Popup, 56S)
Batting: SHB José Alomar 0-0: Ball
1-0: Called Strike
1-1: SINGLE (Line Drive, 4D)
Batting: RHB Matt Doyle 0-0: Called Strike
0-1: Ball
1-1: SINGLE (Line Drive, 56D)
José Alomar to second
Batting: LHB Kiyonaga Morita 0-0: Grounds into double play, 5-4-3 (Groundball, 5)
Top of the 4th over - 0 run(s), 2 hit(s), 0 error(s), 1 left on base; Chicago 0 - Niagara Falls 2
BOTTOM OF THE 4TH
Niagara Falls Frenzy batting - Pitching for Chicago Machine : RHP Geoffrey Keller
Batting: RHB Ángel Hinojosa 0-0: Foul Ball, location: 2F
0-1: Ball
1-1: Swinging Strike
1-2: Foul Ball, location: 2F
1-2: Strikes out swinging
Batting: LHB Bill Hall 0-0: Called Strike
0-1: Foul Ball, location: 2F
0-2: Fly out, F8 (Flyball, 78M)
Batting: SHB Dave MacThomas 0-0: Ball
1-0: Foul Ball, location: 2F
1-1: Called Strike
1-2: Foul Ball, location: 2F
1-2: Strikes out looking
Bottom of the 4th over - 0 run(s), 0 hit(s), 0 error(s), 0 left on base; Chicago 0 - Niagara Falls 2
TOP OF THE 5TH
Chicago Machine batting - Pitching for Niagara Falls Frenzy : LHP Manuel Rodríguez
Batting: RHB Luis Martínez 0-0: Ball
1-0: Called Strike
1-1: Called Strike
1-2: Foul Ball, location: 2F
1-2: Ball
2-2: Strikes out swinging
Batting: RHB Lorenzo Guzmán 0-0: Ball
1-0: Ball
2-0: Foul Ball, location: 2F
2-1: SOLO HOME RUN (Flyball, 89XD), Distance : 399 ft
Batting: SHB Jesús Ramírez 0-0: Ball
1-0: Called Strike
1-1: Ball
2-1: Ball
3-1: Base on Balls
Batting: LHB Fernando Ortíz 0-0: Called Strike
0-1: Foul Ball, location: 2F
0-2: Foul Ball, location: 2F
0-2: Foul Ball, location: 2F
0-2: Ball
1-2: Foul Ball, location: 2F
1-2: Ball
2-2: Strikes out looking
Batting: SHB Joaquín López 0-0: Foul Ball, location: 2F
0-1: Ball
1-1: Ball
2-1: Ball
3-1: Fly out, F9 (Flyball, 34D)
Top of the 5th over - 1 run(s), 1 hit(s), 0 error(s), 1 left on base; Chicago 1 - Niagara Falls 2
BOTTOM OF THE 5TH
Niagara Falls Frenzy batting - Pitching for Chicago Machine : RHP Geoffrey Keller
Batting: RHB Tomás Estrada 0-0: Called Strike
0-1: Fly out, F9 (Flyball, 9)
Batting: RHB Zander Tremblett 0-0: Ball
1-0: Called Strike
1-1: SINGLE (Groundball, 34D)
Batting: LHB Clyde Yarbrough 0-0: Called Strike
0-1: Grounds into double play, 6-4-3 (Groundball, 56)
Bottom of the 5th over - 0 run(s), 1 hit(s), 0 error(s), 0 left on base; Chicago 1 - Niagara Falls 2
TOP OF THE 6TH
Chicago Machine batting - Pitching for Niagara Falls Frenzy : LHP Manuel Rodríguez
Batting: RHB Doug Stephens 0-0: Ball
1-0: Ball
2-0: Called Strike
2-1: Fly out, F9 (Flyball, 9S)
Batting: SHB José Alomar 0-0: Swinging Strike
0-1: Foul Ball, location: 2F
0-2: Strikes out looking
Batting: RHB Matt Doyle 0-0: Ball
1-0: Ball
2-0: Ball
3-0: Base on Balls
Batting: LHB Kiyonaga Morita 0-0: Called Strike
0-1: Ball
1-1: Foul Ball, location: 2F
1-2: Foul Ball, location: 2F
1-2: Fielders Choice at 2nd, 4-6 (Groundball, 4)
Top of the 6th over - 0 run(s), 0 hit(s), 0 error(s), 0 left on base; Chicago 1 - Niagara Falls 2
BOTTOM OF THE 6TH
Niagara Falls Frenzy batting - Pitching for Chicago Machine : RHP Geoffrey Keller
Batting: LHB Dante Owens 0-0: SINGLE (Line Drive, 9LS)
Batting: SHB Martín De Jesús 0-0: Ball
1-0: Foul Ball, location: 2F
1-1: Foul Ball, location: 2F
1-2: Fielders Choice at 2nd, 5-4 (Groundball, 5)
Batting: LHB Leo Wyeth 0-0: Ball
1-0: Foul Ball, location: 2F
1-1: Foul Ball, location: 2F
1-2: Ground out U3 (Groundball, 34S)
Martín De Jesús to second
Batting: RHB Ángel Hinojosa 0-0: Ball
1-0: Ground out 6-3 (Groundball, 6)
Bottom of the 6th over - 0 run(s), 1 hit(s), 0 error(s), 1 left on base; Chicago 1 - Niagara Falls 2
TOP OF THE 7TH
Chicago Machine batting - Pitching for Niagara Falls Frenzy : LHP Manuel Rodríguez
Pitching: RHP Alonso Jiménez
Batting: RHB Luis Martínez 0-0: Ball
1-0: Fly out, F7 (Flyball, 78S)
Batting: RHB Lorenzo Guzmán 0-0: Ball
1-0: Called Strike
1-1: SINGLE (Line Drive, 9LS)
Batting: SHB Jesús Ramírez 0-0: Ball
1-0: Called Strike
1-1: Ball
2-1: Foul Ball, location: 2F
2-2: Ball
3-2: Fielders Choice at 2nd, 1-4 (Groundball, 15S)
Batting: LHB Fernando Ortíz 0-0: Ball
1-0: Swinging Strike
1-1: Fielders Choice at 2nd, 6-4 (Groundball, 6)
Top of the 7th over - 0 run(s), 1 hit(s), 0 error(s), 0 left on base; Chicago 1 - Niagara Falls 2
BOTTOM OF THE 7TH
Niagara Falls Frenzy batting - Pitching for Chicago Machine : RHP Geoffrey Keller
Pitching: RHP Rex Welch
Batting: LHB Bill Hall 0-0: Ball
1-0: Called Strike
1-1: Ball
2-1: SINGLE (Flyball, 34D)
Batting: SHB Dave MacThomas 0-0: Reached on error, E1 (Groundball, 13S)
Bill Hall to second
Batting: RHB Tomás Estrada 0-0: Called Strike
0-1: Ball
1-1: Called Strike
1-2: Ball
2-2: Strikes out swinging
Batting: RHB Zander Tremblett 0-0: Called Strike
0-1: Fly out, F8 (Flyball, 8LM)
Batting: LHB Clyde Yarbrough 0-0: Called Strike
0-1: Foul Ball, location: 2F
0-2: Strikes out swinging
Bottom of the 7th over - 0 run(s), 1 hit(s), 1 error(s), 2 left on base; Chicago 1 - Niagara Falls 2
TOP OF THE 8TH
Chicago Machine batting - Pitching for Niagara Falls Frenzy : RHP Alonso Jiménez
Pitching: RHP Kimitada Takai
Batting: SHB Joaquín López 0-0: Called Strike
0-1: SINGLE (Groundball, 56D)
Batting: RHB Doug Stephens 0-0: Ball
1-0: Called Strike
1-1: Foul Ball, location: 2F
1-2: Ball
2-2: Strikes out swinging
Batting: SHB José Alomar 0-0: Called Strike
0-1: Ball
1-1: DOUBLE (Line Drive, 9LS)
Joaquín López to third
Runner from 3rd tries for Home, SAFE, no throw
Batting: RHB Matt Doyle 0-0: Ball
1-0: Called Strike
1-1: Called Strike
1-2: Strikes out looking
Batting: LHB Kiyonaga Morita 0-0: Called Strike
0-1: Ball
1-1: SINGLE (Line Drive, 4M)
José Alomar to third
Runner from 3rd tries for Home, SAFE, no throw
Pitching: RHP Mark Head
Pinch Hitting: SHB Clint Woods 0-0: Ball
1-0: DOUBLE (Flyball, 78D)
Kiyonaga Morita to third
Batting: RHB Lorenzo Guzmán 0-0: Ball
1-0: Ball
2-0: Called Strike
2-1: Foul Ball, location: 2F
2-2: Ground out 5-3 (Groundball, 56S)
Top of the 8th over - 2 run(s), 4 hit(s), 0 error(s), 2 left on base; Chicago 3 - Niagara Falls 2
BOTTOM OF THE 8TH
Niagara Falls Frenzy batting - Pitching for Chicago Machine : RHP Rex Welch
Pitching: LHP Ricardo Guichardo
Now at SS: Edward Bartlett
Batting: LHB Dante Owens 0-0: Ball
1-0: Fly out, F7 (Flyball, 78M)
Batting: SHB Martín De Jesús 0-0: Swinging Strike
0-1: Ball
1-1: Ball
2-1: Swinging Strike
2-2: Ball
3-2: Ground out 4-3 (Groundball, 4)
Batting: LHB Leo Wyeth 0-0: SINGLE (Flyball, 34D)
Pitching: RHP Horace Jacobs
Batting: RHB Ángel Hinojosa 0-0: Ball
1-0: Ball
2-0: Called Strike
2-1: Ground out 5-3 (Groundball, 56D)
Bottom of the 8th over - 0 run(s), 1 hit(s), 0 error(s), 1 left on base; Chicago 3 - Niagara Falls 2
TOP OF THE 9TH
Chicago Machine batting - Pitching for Niagara Falls Frenzy : RHP Mark Head
Pitching: RHP Esteban Juárez
Batting: SHB Jesús Ramírez 0-0: Called Strike
0-1: Ball
1-1: Fly out, F7 (Flyball, 7LS)
Batting: LHB Fernando Ortíz 0-0: Called Strike
0-1: Called Strike
0-2: Fly out, F9 (Flyball, 89M)
Batting: SHB Joaquín López 0-0: Swinging Strike
0-1: Ground out 5-3 (Groundball, 56)
Top of the 9th over - 0 run(s), 0 hit(s), 0 error(s), 0 left on base; Chicago 3 - Niagara Falls 2
BOTTOM OF THE 9TH
Niagara Falls Frenzy batting - Pitching for Chicago Machine : RHP Horace Jacobs
Pitching: RHP Víctor Reyes
Batting: LHB Bill Hall 0-0: Fly out, F9 (Flyball, 9S)
Batting: SHB Dave MacThomas 0-0: SOLO HOME RUN (Flyball, 9LD), Distance : 373 ft
Pitching: RHP Zózimo Pascoal
Batting: RHB Tomás Estrada 0-0: Ball
1-0: Ball
2-0: Fly out, F8 (Flyball, 8LD)
Batting: RHB Zander Tremblett 0-0: Called Strike
0-1: Foul Ball, location: 2F
0-2: Ball
1-2: Ball
2-2: SINGLE (Groundball, 4MD)
Batting: LHB Clyde Yarbrough 0-0: Foul Ball, location: 2F
0-1: Called Strike
0-2: Foul Ball, location: 2F
0-2: Ball
1-2: Ball
2-2: Ball
3-2: Ground out 4-3 (Groundball, 4)
Bottom of the 9th over - 1 run(s), 2 hit(s), 0 error(s), 1 left on base; Chicago 3 - Niagara Falls 3
TOP OF THE 10TH
Chicago Machine batting - Pitching for Niagara Falls Frenzy : RHP Esteban Juárez
Batting: RHB Doug Stephens 0-0: Ball
1-0: Called Strike
1-1: Fly out, F8 (Flyball, 8LD)
Batting: SHB José Alomar 0-0: Swinging Strike
0-1: Swinging Strike
0-2: Ball
1-2: Strikes out swinging
Batting: RHB Matt Doyle 0-0: Ball
1-0: Ball
2-0: Called Strike
2-1: Foul Ball, location: 2F
2-2: Ball
3-2: SINGLE (Line Drive, 34)
Batting: LHB Kiyonaga Morita 0-0: Foul Ball, location: 2F
0-1: Foul Ball, location: 2F
0-2: Strikes out looking
Top of the 10th over - 0 run(s), 1 hit(s), 0 error(s), 1 left on base; Chicago 3 - Niagara Falls 3
BOTTOM OF THE 10TH
Niagara Falls Frenzy batting - Pitching for Chicago Machine : RHP Zózimo Pascoal
Batting: LHB Dante Owens 0-0: Ball
1-0: Called Strike
1-1: Ball
2-1: Foul Ball, location: 2F
2-2: Ground out 6-3 (Groundball, 56D)
Batting: SHB Martín De Jesús 0-0: Ball
1-0: Foul Ball, location: 2F
1-1: Ball
2-1: Ball
3-1: DOUBLE (Flyball, 78M)
Batting: LHB Leo Wyeth 0-0: Intentional Walk
Batting: RHB Ángel Hinojosa 0-0: Called Strike
0-1: Ball
1-1: Called Strike
1-2: Ball
2-2: Foul Ball, location: 2F
2-2: Strikes out swinging
Batting: LHB Bill Hall 0-0: Ball
1-0: Ball
2-0: Foul Ball, location: 2F
2-1: Ball
3-1: Fielders Choice at 2nd, 4-6 (Groundball, 4)
Bottom of the 10th over - 0 run(s), 1 hit(s), 0 error(s), 1 left on base; Chicago 3 - Niagara Falls 3
TOP OF THE 11TH
Chicago Machine batting - Pitching for Niagara Falls Frenzy : RHP Esteban Juárez
Pitching: RHP Nathan Thornton
Pinch Hitting: LHB Eric Wheeler 0-0: Called Strike
0-1: Ground out 4-3 (Groundball, 4)
Batting: RHB Lorenzo Guzmán 0-0: Called Strike
0-1: Ball
1-1: Fly out, F3 (Flyball, 3D)
Batting: SHB Jesús Ramírez 0-0: Ball
1-0: Fly out, F9 (Flyball, 89S)
Top of the 11th over - 0 run(s), 0 hit(s), 0 error(s), 0 left on base; Chicago 3 - Niagara Falls 3
BOTTOM OF THE 11TH
Niagara Falls Frenzy batting - Pitching for Chicago Machine : RHP Zózimo Pascoal
Now at SS: Raúl Bauza
Batting: SHB Dave MacThomas 0-0: Called Strike
0-1: Called Strike
0-2: Ball
1-2: Ball
2-2: Ball
3-2: SINGLE (Line Drive, 8RM)
Pitching: RHP Raúl Ruíz
Batting: RHB Tomás Estrada 0-0: Sac Bunt - play at first, batter OUT! 5-4
Dave MacThomas to second
Batting: RHB Zander Tremblett 0-0: Ball
1-0: Foul Ball, location: 2F
1-1: Ground out 4-3 (Groundball, 4)
Dave MacThomas to third
Batting: LHB Clyde Yarbrough 0-0: Ball
1-0: Fly out, F8 (Flyball, 8RM)
Bottom of the 11th over - 0 run(s), 1 hit(s), 0 error(s), 1 left on base; Chicago 3 - Niagara Falls 3
TOP OF THE 12TH
Chicago Machine batting - Pitching for Niagara Falls Frenzy : RHP Nathan Thornton
Batting: LHB Fernando Ortíz 0-0: Called Strike
0-1: Foul Ball, location: 2F
0-2: Ball
1-2: Fly out, F4 (Line Drive, 34)
Batting: SHB Joaquín López 0-0: Ball
1-0: Ball
2-0: Called Strike
2-1: Foul Ball, location: 2F
2-2: Fly out, F8 (Line Drive, 89D)
Batting: RHB Doug Stephens 0-0: Ball
1-0: Called Strike
1-1: Ball
2-1: Called Strike
2-2: Ground out 1-3 (Groundball, 15S)
Top of the 12th over - 0 run(s), 0 hit(s), 0 error(s), 0 left on base; Chicago 3 - Niagara Falls 3
BOTTOM OF THE 12TH
Niagara Falls Frenzy batting - Pitching for Chicago Machine : RHP Raúl Ruíz
Batting: LHB Dante Owens 0-0: Called Strike
0-1: Foul Ball, location: 2F
0-2: Strikes out swinging
Batting: SHB Martín De Jesús 0-0: Foul Ball, location: 2F
0-1: Foul Ball, location: 2F
0-2: Ball
1-2: Fly out, F8 (Flyball, 8LXD)
Batting: LHB Leo Wyeth 0-0: Called Strike
0-1: Called Strike
0-2: Ball
1-2: Ground out 4-3 (Groundball, 34)
Bottom of the 12th over - 0 run(s), 0 hit(s), 0 error(s), 0 left on base; Chicago 3 - Niagara Falls 3
TOP OF THE 13TH
Chicago Machine batting - Pitching for Niagara Falls Frenzy : RHP Nathan Thornton
Batting: SHB José Alomar 0-0: Ball
1-0: Ball
2-0: Ball
3-0: Called Strike
3-1: Called Strike
3-2: Foul Ball, location: 2F
3-2: Ground out 6-3 (Groundball, 6)
Batting: RHB Matt Doyle 0-0: Called Strike
0-1: Foul Ball, location: 2F
0-2: Ball
1-2: Foul Ball, location: 2F
1-2: Ball
2-2: Strikes out swinging
Batting: LHB Kiyonaga Morita 0-0: Ball
1-0: Swinging Strike
1-1: Swinging Strike
1-2: Ball
2-2: Ball
3-2: Strikes out swinging
Top of the 13th over - 0 run(s), 0 hit(s), 0 error(s), 0 left on base; Chicago 3 - Niagara Falls 3
BOTTOM OF THE 13TH
Niagara Falls Frenzy batting - Pitching for Chicago Machine : RHP Raúl Ruíz
Batting: RHB Ángel Hinojosa 0-0: Fly out, F7 (Flyball, 78S)
Batting: LHB Bill Hall 0-0: Swinging Strike
0-1: Ball
1-1: Swinging Strike
1-2: Ground out 4-3 (Groundball, 4)
Batting: SHB Dave MacThomas 0-0: Ball
1-0: Called Strike
1-1: Ball
2-1: Foul Ball, location: 2F
2-2: Fly out, F7 (Flyball, 7LS)
Bottom of the 13th over - 0 run(s), 0 hit(s), 0 error(s), 0 left on base; Chicago 3 - Niagara Falls 3
TOP OF THE 14TH
Chicago Machine batting - Pitching for Niagara Falls Frenzy : RHP Nathan Thornton
Batting: RHB Raúl Bauza 0-0: Called Strike
0-1: Ball
1-1: Ball
2-1: Fly out, F4 (Popup, 4MD)
Batting: RHB Lorenzo Guzmán 0-0: Foul Ball, location: 2F
0-1: Ball
1-1: Foul Ball, location: 2F
1-2: Ball
2-2: SINGLE (Line Drive, 6MD)
Batting: SHB Jesús Ramírez 0-0: Ball
1-0: Ball
2-0: Foul Ball, location: 2F
2-1: Foul Ball, location: 2F
2-2: Grounds into double play, 4-6-3 (Groundball, 4)
Top of the 14th over - 0 run(s), 1 hit(s), 0 error(s), 0 left on base; Chicago 3 - Niagara Falls 3
BOTTOM OF THE 14TH
Niagara Falls Frenzy batting - Pitching for Chicago Machine : RHP Raúl Ruíz
Batting: RHB Tomás Estrada 0-0: Ball
1-0: Ground out 5-3 (Groundball, 56S)
Batting: RHB Zander Tremblett 0-0: Swinging Strike
0-1: Foul Ball, location: 2F
0-2: Ball
1-2: Foul Ball, location: 2F
1-2: Ball
2-2: Fly out, F5 (Line Drive, 56)
Batting: LHB Clyde Yarbrough 0-0: DOUBLE (Line Drive, 89XD)
Batting: LHB Dante Owens 0-0: Called Strike
0-1: Ball
1-1: Ball
2-1: Ground out 4-3 (Groundball, 34D)
Bottom of the 14th over - 0 run(s), 1 hit(s), 0 error(s), 1 left on base; Chicago 3 - Niagara Falls 3
TOP OF THE 15TH
Chicago Machine batting - Pitching for Niagara Falls Frenzy : RHP Nathan Thornton
Batting: LHB Fernando Ortíz 0-0: Ball
1-0: Ground out U3 (Groundball, 3)
Batting: SHB Joaquín López 0-0: Called Strike
0-1: Ground out 4-3 (Groundball, 34)
Batting: RHB Doug Stephens 0-0: Foul Ball, location: 2F
0-1: Called Strike
0-2: Fly out, F9 (Flyball, 89S)
Top of the 15th over - 0 run(s), 0 hit(s), 0 error(s), 0 left on base; Chicago 3 - Niagara Falls 3
BOTTOM OF THE 15TH
Niagara Falls Frenzy batting - Pitching for Chicago Machine : RHP Raúl Ruíz
Batting: SHB Martín De Jesús 0-0: Ball
1-0: Ball
2-0: Called Strike
2-1: Swinging Strike
2-2: Ground out 4-3 (Groundball, 34D)
Pitching: RHP Cory Lowe
Batting: LHB Leo Wyeth 0-0: Ball
1-0: Ball
2-0: Ball
3-0: Called Strike
3-1: Foul Ball, location: 2F
3-2: Foul Ball, location: 2F
3-2: Fly out, F4 (Line Drive, 4)
Batting: RHB Ángel Hinojosa 0-0: Called Strike
0-1: Ball
1-1: Ball
2-1: Called Strike
2-2: Ball
3-2: Foul Ball, location: 2F
3-2: Base on Balls
Batting: LHB Bill Hall 0-0: Called Strike
0-1: Called Strike
0-2: Ball
1-2: Foul Ball, location: 2F
1-2: Ball
2-2: Foul Ball, location: 2F
2-2: Fielders Choice at 2nd, 6-4 (Groundball, 6)
Bottom of the 15th over - 0 run(s), 0 hit(s), 0 error(s), 0 left on base; Chicago 3 - Niagara Falls 3
TOP OF THE 16TH
Chicago Machine batting - Pitching for Niagara Falls Frenzy : RHP Nathan Thornton
Batting: SHB José Alomar 0-0: Called Strike
0-1: Foul Ball, location: 2F
0-2: Ball
1-2: Ball
2-2: Foul Ball, location: 2F
2-2: SINGLE (Flyball, 8RS)
Batting: RHB Matt Doyle 0-0: Ball
1-0: Ball
2-0: Ball
3-0: Base on Balls
José Alomar to second
Batting: LHB Kiyonaga Morita 0-0: Ball
1-0: Foul Ball, location: 2F
1-1: Ball
2-1: 3-RUN HOME RUN (Flyball, 7D), Distance : 396 ft
Pitching: RHP Terry Fields
Batting: RHB Raúl Bauza 0-0: Called Strike
0-1: Called Strike
0-2: Ball
1-2: Strikes out swinging
Batting: RHB Lorenzo Guzmán 0-0: Called Strike
0-1: Ball
1-1: Foul Ball, location: 2F
1-2: Foul Ball, location: 2F
1-2: Ball
2-2: Ball
3-2: Foul Ball, location: 2F
3-2: Base on Balls
Batting: SHB Jesús Ramírez 0-0: Foul Ball, location: 2F
0-1: Foul Ball, location: 2F
0-2: Strikes out swinging
Lorenzo Guzmán steals 2nd base
Batter strikes out.
Batting: LHB Fernando Ortíz 0-0: Swinging Strike
0-1: Called Strike
0-2: Ball
1-2: Strikes out swinging
Top of the 16th over - 3 run(s), 2 hit(s), 0 error(s), 1 left on base; Chicago 6 - Niagara Falls 3
BOTTOM OF THE 16TH
Niagara Falls Frenzy batting - Pitching for Chicago Machine : RHP Cory Lowe
Batting: SHB Dave MacThomas 0-0: Foul Ball, location: 2F
0-1: Ball
1-1: Ball
2-1: Ball
3-1: Called Strike
3-2: Ground out 4-3 (Groundball, 4)
Batting: RHB Tomás Estrada 0-0: Called Strike
0-1: Swinging Strike
0-2: Ball
1-2: Strikes out looking
Batting: RHB Zander Tremblett 0-0: Ball
1-0: SINGLE (Groundball, 34D)
Batting: LHB Clyde Yarbrough 0-0: Ball
1-0: Called Strike
1-1: Fly out, F7 (Line Drive, 7)
Bottom of the 16th over - 0 run(s), 1 hit(s), 0 error(s), 1 left on base; Chicago 6 - Niagara Falls 3
Thursday, March 30th, 2017 - OOTP Baseball 17.12 Build 75